 Dungeon Crawl Stone Soup version 0.31-a0-1576-ga3383bade6 (webtiles) character file.

Game seed: 13561618330379930170

675 Dirian the Chopper (level 7, -5/61 HPs)
             Began as a Minotaur Fighter on Jan 4, 2024.
             Was a Follower of Okawaru.
             Slain by a gnoll sergeant
             ... wielding a +0 battleaxe
              (10 damage)
             ... on level 5 of the Dungeon.
             The game lasted 00:05:56 (3297 turns).

Dirian the Chopper (Minotaur Fighter)               Turns: 3297, Time: 00:05:57

Health: -5/61      AC: 11    Str: 23    XL:     7   Next: 33%
Magic:  6/6        EV:  8    Int:  5    God:    Okawaru [*.....]
Gold:   274        SH:  6    Dex:  9    Spells: 6/6 levels left

rFire   . . .        a - +1 war axe
rCold   . . .        f - +2 buckler
rNeg    . . .        h - +0 chain mail
rPois   .            (helmet restricted)
rElec   .            m - +0 cloak
rCorr   .            (no gloves)
SInv    .            (no boots)
Will    .....        (no amulet) Stlth
                     (no ring)
HPRegen 0.30/turn    (no ring)
MPRegen 0.10/turn

%: no passive effects
@: mighty
A: horns 2, retaliatory headbutt
a: Renounce Religion, Heroism


You were on level 5 of the Dungeon.
You worshipped Okawaru.
Okawaru was aware of your devotion.
You visited 1 branch of the dungeon, and saw 5 of its levels.

You collected 274 gold pieces.

Inventory:

Hand Weapons
 a - a +1 war axe (weapon)
Missiles
 e - 2 boomerangs
Armour
 f - a +2 buckler (worn)
 h - a +0 chain mail (worn)
 m - a +0 cloak (worn)
Wands
 c - a wand of mindburst (11)
Scrolls
 b - a scroll of amnesia {unknown}
 j - a scroll of enchant weapon
 r - a scroll of identify
 z - 2 scrolls of blinking
Potions
 d - 3 potions of might
 g - 3 potions of attraction
 k - a potion of enlightenment {unknown}
 l - a potion of ambrosia {unknown}
 n - a potion of magic {unknown}
 p - 2 potions of heal wounds {unknown}
 q - 3 potions of curing


   Skills:
 + Level 5.0 Fighting
 + Level 6.9 Axes
 + Level 6.4 Armour
 + Level 4.8 Shields


You had 6 spell levels left.
You didn't know any spells.
Your spell library contained the following spells:

 Spells                   Type           Power      Damage    Failure   Level
 Sigil of Binding         Hex            0%         N/A       100%        3
 Dimensional Bullseye     Hex/Tloc       0%         N/A       100%        4
 Call Canine Familiar     Summ           Unusable   N/A       N/A         3

Dungeon Overview and Level Annotations

Branches:
Dungeon (5/15) Zot: 26637
 Temple: D:4-7

Altars:
Okawaru


Innate Abilities, Weirdness & Mutations

You have a pair of horns on your head.
You reflexively headbutt those who attack you in melee.


Message History

Okawaru accepts your kill.
You slash the gnoll!
You feel sick. The gnoll hits you with a +0 club.
* * * LOW HITPOINT WARNING * * *
The gnoll barely misses you. You block the ribbon worm's attack.
You feel sick.
The ribbon worm attacks as it pursues you!
The ribbon worm closely misses you. You furiously retaliate!
You headbutt the ribbon worm.
You feel sick. The gnoll attacks as it pursues you!
You block the gnoll's attack.
Things that are here:
a +1 halberd of venom; a gnoll corpse You feel very mighty all of a sudden.
You feel sick.
You are no longer poisoned.
You block the gnoll's attack.
You fail to use your ability.
You block the gnoll's attack.
You closely miss the gnoll.
The gnoll is heavily wounded.
The gnoll closely misses you. You furiously retaliate!
You headbutt the gnoll!
You kill the gnoll!
Okawaru accepts your kill.
You slice the ribbon worm!!
You kill the ribbon worm!
Okawaru accepts your kill.
You slash the iguana!
The iguana is almost dead.
The iguana bites you.
* * * LOW HITPOINT WARNING * * *
The gnoll barely misses you.
You slash the iguana!
You kill the iguana!
Okawaru accepts your kill. You block the gnoll's attack.
You slash the gnoll sergeant!
The gnoll sergeant is severely wounded.
The gnoll hits you from afar with a +0 halberd.
* * * LOW HITPOINT WARNING * * *
The gnoll sergeant hits you with a +0 battleaxe!
You die...

.. #.. ... .....
.. #####.#....
......#.#.# #
........#.#.###
.>....)........
#gg...# #g#####
#### #@# #.. #.#
#.#####
#.########.....#
#..........###.#
##########.# ..
#####.#
#.##.....#
###.##.#####
#........#


You could see a gnoll sergeant and 2 gnolls.

Vanquished Creatures
  Grinder (D:3)
  A black bear (D:4)
  2 ogres
  An iguana (D:5)
  9 adders
  3 gnolls (D:5)
  2 dart slugs
  3 ribbon worms
  7 orcs
  11 ball pythons
  7 bats
  8 endoplasms
  3 giant cockroaches
  7 goblins
  9 hobgoblins
  3 jackals (D:1)
  4 kobolds
  A quokka (D:1)
  4 frilled lizards
  5 rats (D:1)
91 creatures vanquished.

Notes
Turn   | Place    | Note
-------+----------+-------------------------------------------
     0 | D:1      | Dirian the Minotaur Fighter began the quest for the Orb.
     0 | D:1      | Reached XP level 1. HP: 19/19 MP: 0/0
   100 | D:1      | Reached XP level 2. HP: 27/27 MP: 1/1
   426 | D:1      | Reached XP level 3. HP: 31/33 MP: 2/2
   982 | D:2      | Identified the +1 ring mail "Quposivy" {Dex+2}
  1162 | D:2      | Reached XP level 4. HP: 40/40 MP: 3/3
  1804 | D:3      | Found an iron altar of Okawaru.
  1811 | D:3      | Became a worshipper of Warmaster Okawaru
  1983 | D:3      | Noticed Grinder
  1993 | D:3      | Killed Grinder
  1993 | D:3      | Reached * piety under Okawaru
  1994 | D:3      | Reached skill level 5 in Axes
  1994 | D:3      | Reached skill level 5 in Armour
  1994 | D:3      | Reached XP level 5. HP: 29/47 MP: 4/4
  1994 | D:3      | Reached XP level 6. HP: 33/53 MP: 5/5
  2616 | D:4      | Reached XP level 7. HP: 60/60 MP: 6/6
  2969 | D:5      | Entered Level 5 of the Dungeon
  3028 | D:5      | Reached skill level 5 in Fighting
  3297 | D:5      | Slain by a gnoll sergeant

Illustrated notes

Levels and vault maps discovered:
D:1:      dpeg_arrival_chambers_temple_mockup, layout_loops_ring
D:2:      layout_rooms, dk_vineyard_1, serial_bayou_pond_e
D:3:      layout_basic, okawaru_gym_becter, uniq_grinder
D:4:      layout_loops_ring, st_stairs_12
D:5:      layout_basic, uniq_eustachio

Skill      XL: |  1  2  3  4  5  6  7 |
---------------+----------------------+-----
Armour         | 4 5 6 |  6.4
Fighting       | 4 5 |  5.0
Shields        | 4 |  4.8
Axes           | 3 5 6 |  6.9

Action                     |  1- 3 |  4- 6 |  7- 9 || total
---------------------------+-------+-------+-------++-------
  Melee: War axe           |   102 |    71 |    26 ||   199
         Headbutt          |     9 |     9 |     3 ||    21
 Invoke: Heroism           |       |       |     1 ||     1
    Use: Scroll            |       |     6 |     2 ||     8
         Potion            |       |       |     1 ||     1
 Armour: Scale mail        |    69 |    24 |       ||    93
         Chain mail        |       |    33 |    30 ||    63
  Dodge: Dodged            |    51 |    32 |    12 ||    95
  Block: Buckler           |    19 |    17 |    14 ||    50

Table legend: (Time is in decaauts)
 A = Elapsed time spent in this place.
 B = Non-inter-level travel time spent in this place.
 C = Inter-level travel time spent in this place.
 D = Time resting spent in this place.
 E = Time spent auto-exploring this place.
 F = Levels seen in this place.
 G = Mean time per level.
                   A        B        C        D        E       F      G
               +--------+--------+--------+--------+--------+-----+--------+
         Total |   3361 |   3178 |    183 |      0 |   2585 |   5 |  672.2 |
       Dungeon |   3361 |   3178 |    183 |      0 |   2585 |   5 |  672.2 |
               +--------+--------+--------+--------+--------+-----+--------+

Top non-repeatable levels by time:
     D:1: 1003 daAuts
     D:3: 860 daAuts
     D:4: 712 daAuts
     D:2: 454 daAuts
     D:5: 330 daAuts
